 Dungeon Crawl Stone Soup version 0.23.2 (webtiles) character file.

Game seed: 4914369764857684792

4217 Gadfly the Reanimator (level 10, -4/81 HPs)
             Began as a Red Draconian Necromancer on Apr 12, 2019.
             Slain by a vampire (7 damage)
             ... on level 8 of the Dungeon.
             The game lasted 00:19:20 (11201 turns).

Gadfly the Reanimator (Red Draconian Necromancer)  Turns: 11201, Time: 00:19:21

Health: -4/81      AC: 11    Str: 15    XL:     10   Next: 9%
Magic:  20/20      EV: 14    Int: 17    God:
Gold:   413        SH:  0    Dex: 13    Spells: 12/23 levels left

rFire    . . .     SeeInvis +   a - +6 flail of the Six Orbs {crush, rElec MR+}
rCold    + . .     Gourm    .   (no shield)
rNeg     . . .     Faith    .   (armour unavailable)
rPois    .         Spirit   .   (helmet restricted)
rElec    +         Reflect  .   (no cloak)
rCorr    .         Harm     .   C - +2 pair of gloves
MR       .....                  h - +0 pair of boots
Stlth    +++.......             (no amulet)
HPRegen  0.23/turn              y - ring "Jereu" {Ice MR- Str+4 Stlth+}
MPRegen  0.17/turn              k - ring of see invisible

@: short of breath
A: breathe fire, unfitting armour, fire resistance 1, cold-blooded, AC +7
a: Breathe Fire


You were on level 8 of the Dungeon.
You were hungry.

You visited 2 branches of the dungeon, and saw 10 of its levels.

You collected 413 gold pieces.

Inventory:

Hand Weapons
 a - the +6 flail of the Six Orbs (weapon) {crush, rElec MR+}
   (You took it off a gnoll on level 8 of the Dungeon)

   It inflicts extra damage upon your enemies.
   It insulates you from electricity.
   It affects your resistance to hostile enchantments.
 b - the +6 spear of the New World {protect, rPois}
   (You found it on level 4 of the Dungeon)

   It protects the one who uses it against injury (+AC on strike).
   It protects you from poison.
 u - the +6 dagger of Woe {pierce, rPois rN+ MR-}
   (You found it on level 7 of the Dungeon)

   It inflicts extra damage upon your enemies.
   It protects you from poison.
   It protects you from negative energy.
   It affects your resistance to hostile enchantments.
Missiles
 j - 4 throwing nets (quivered)
Armour
 h - a +0 pair of boots (worn)
 C - a +2 pair of gloves (worn)
Jewellery
 k - a ring of see invisible (right hand)
 m - a +2 ring of dexterity {unknown}
 o - an uncursed ring of positive energy
 t - a +1 ring of evasion
 y - the ring "Jereu" (left hand) {Ice MR- Str+4 Stlth+}
   (You found it on level 7 of the Dungeon)

   [ring of ice]

   It enhances your ice magic.
   It affects your strength (+4).
   It makes you vulnerable to fire.
   It protects you from cold.
   It affects your resistance to hostile enchantments.
   It makes you more stealthy.
 z - an uncursed ring of resist corrosion
Wands
 v - a wand of iceblast (4)
 x - a wand of random effects (29)
Scrolls
 c - a scroll of identify
 d - 2 scrolls of fog
 i - a scroll of blinking
 l - 2 scrolls of teleportation
 n - a scroll of fear
 q - 2 scrolls of immolation
 s - a scroll of amnesia
 A - 3 scrolls of remove curse
Potions
 e - 2 potions of might
 f - 2 potions of haste
 r - 3 potions of curing
 w - a potion of resistance
 B - a potion of flight {unknown}
 D - a potion of brilliance {unknown}
Comestibles
 g - 13 rations


   Skills:
 + Level 5.5 Fighting
 + Level 5.1 Maces & Flails
 + Level 5.0 Dodging
 - Level 1.7 Stealth
 * Level 7.2 Spellcasting
 * Level 8.5 Necromancy
 + Level 4.2 Evocations


You had 12 spell levels left.
You knew the following spells:

 Your Spells              Type           Power        Failure   Level  Hunger
a - Pain                  Necr           ####         1%          1    None
b - Vampiric Draining     Necr           #####.....   1%          3    ##.....
c - Regeneration          Chrm/Necr      ###.......   6%          3    ##.....
d - Animate Dead          Necr           N/A          3%          4    ####...

Your spell library contained the following spells:

 Spells                   Type           Power        Failure   Level  Hunger
 Animate Skeleton         Necr           N/A          1%          1    None


Dungeon Overview and Level Annotations

Branches:
Dungeon (9/15)             Temple (1/1) D:6
   Lair: D:8-11         Orc: D:9-12

Altars:
Ashenzari
Cheibriados
Dithmenos
Elyvilon
Fedhas
Gozag
Hepliaklqana
Makhleb
Nemelex Xobeh
Okawaru
Qazlal
Ru
Sif Muna
Trog
Uskayaw
Vehumet
Wu Jian
Xom
Yredelemnul
Zin
The Shining One
Beogh

Shops:
D:5 =

Annotations:
D:3 3 runed translucent doors, belegose's ghost, amateur MiAM


Innate Abilities, Weirdness & Mutations

You can breathe blasts of fire.
Your fiery red scales are hard. (AC +7)
You cannot fit into any form of body armour.
Your flesh is heat resistant. (rF+)
You are cold-blooded and may be slowed by cold attacks.


Message History

The vampire is moderately damaged.
The vampire misses you. The vampire barely misses you.
You thump the vampire!
The vampire is heavily damaged.
The vampire is infused with unholy energy.
* * * LOW HITPOINT WARNING * * *
The vampire draws life force from you and is healed!
You hit the vampire.
The vampire is moderately damaged.
The vampire hits you!
* * * LOW HITPOINT WARNING * * *
The vampire barely misses you.
Okay, then.
Press: ? - help, Shift-Dir - straight line, f - vampire
Aim: a vampire (moderately damaged, slightly transparent)
You breathe a blast of fire.
The fiery breath misses the vampire.
You feel somewhat more hungry. The vampire hits you.
* * * LOW HITPOINT WARNING * * *
The vampire bites you!
You die...

..#..............##
..#......##.......#
#...(......._.....#
#.##.............##
..###.........##.#
#.# #..........###
#.###.........>##
..##............##
.............#☼V@###
....#......#.#.....#
....#...#..##....###
.......##.........#
.).....##.#.....(##
#......#..........##
#.....##.>.........##
....................#
..................###


You could see a vampire (invisible).

Vanquished Creatures
  Harold (D:6)
  A queen bee (D:8)
  Prince Ribbit (D:7)
  Menkaure (D:7)
  3 phantoms
  7 ogres
  2 centaurs
  3 bullfrogs
  A wyvern zombie (D:6)
  A scorpion (D:5)
  Dowan (D:7)
  8 killer bees
  3 crimson imps
  3 hounds
  A bullfrog skeleton (D:8)
  2 bullfrog zombies
  2 orc priests (D:4)
  6 orc wizards
  6 worker ants
  A killer bee zombie (D:9)
  A hound zombie (D:5)
  10 gnolls
  11 adders
  A howler monkey skeleton (D:7)
  An ooze (D:2)
  4 adder skeletons
  6 worms
  A dart slug (D:3)
  5 leopard geckos
  13 orcs
  5 bats
  6 giant cockroaches
  6 goblins
  8 hobgoblins
  7 jackals
  8 kobolds
  6 quokkas
  2 ball pythons (D:3)
  5 frilled lizards
  2 quokka zombies
  7 rats
  A spectral orc (D:5)
170 creatures vanquished.

Vanquished Creatures (collateral kills)
  2 humans (D:8)
  Duvessa (D:6)
  A worker ant (D:4)
  2 gnolls (D:8)
  An adder (D:4)
  A worm (D:4)
  An orc (D:5)
9 creatures vanquished.

Grand Total: 179 creatures vanquished

Notes
Turn   | Place    | Note
-------+----------+-------------------------------------------
     0 | D:1      | Gadfly the Draconian Necromancer began the quest for the
                  | Orb.
     0 | D:1      | Reached XP level 1. HP: 14/14 MP: 3/3
   327 | D:1      | Reached XP level 2. HP: 20/20 MP: 5/5
  1116 | D:2      | Reached XP level 3. HP: 22/27 MP: 1/6
  1121 | D:2      | Learned a level 3 spell: Vampiric Draining
  1125 | D:2      | Learned a level 3 spell: Regeneration
  1469 | D:2      | Reached skill level 1 in Fighting
  1712 | D:2      | Reached skill level 1 in Maces & Flails
  2031 | D:1      | Reached XP level 4. HP: 35/35 MP: 8/8
  3059 | D:2      | Found a shattered altar of Ashenzari.
  3226 | D:3      | Reached XP level 5. HP: 39/40 MP: 9/9
  3714 | D:3      | Found a runed translucent gate.
  3714 | D:3      | Found a runed translucent gate.
  3714 | D:3      | Noticed belegose's ghost (amateur MiAM)
  3715 | D:3      | Found a runed translucent gate.
  3731 | D:3      | Found a roughly hewn altar of Beogh.
  3739 | D:3      | Identified the +4 hand axe of Hacking and Slashing {chop,
                  | +Blink Dex+2}
  3739 | D:3      | Identified the +1 chain mail "Fomuc" {rC+++ rN+ rCorr}
  3802 | D:3      | Found a shimmering altar of Xom.
  3802 | D:3      | Found a glowing silver altar of Zin.
  3802 | D:3      | Noticed an angel
  3902 | D:3      | Reached skill level 5 in Necromancy
  3974 | D:3      | Found a deep blue altar of Sif Muna.
  4061 | D:3      | Learned a level 4 spell: Animate Dead
  4398 | D:4      | Reached XP level 6. HP: 37/48 MP: 7/11
  4408 | D:4      | Got a warped spear
  4409 | D:4      | Identified the +6 spear of the New World {protect, rPois}
                  | (You found it on level 4 of the Dungeon)
  5082 | D:4      | Your scales start taking on a fiery red colour.
  5082 | D:4      | Reached XP level 7. HP: 56/56 MP: 13/13
  5082 | D:4      | Gained mutation: Your flesh is heat resistant. (rF+) [Red
                  | Draconian growth]
  5398 | D:5      | Entered Level 5 of the Dungeon
  5591 | D:5      | Reached skill level 6 in Necromancy
  5701 | D:5      | Found a basalt altar of Yredelemnul.
  5993 | D:5      | Reached skill level 5 in Spellcasting
  5993 | D:5      | Reached XP level 8. HP: 58/63 MP: 15/15
  6240 | D:5      | Found Egyips's Jewellery Boutique.
  7029 | D:6      | Found a staircase to the Ecumenical Temple.
  7036 | Temple   | Entered the Ecumenical Temple
  7154 | D:6      | Found a sacrificial altar of Ru.
  7266 | D:6      | Reached skill level 7 in Necromancy
  7927 | D:7      | Got a crude dagger
  7928 | D:7      | Identified the +6 dagger of Woe {pierce, rPois rN+ MR-}
                  | (You found it on level 7 of the Dungeon)
  8107 | D:7      | Got a brightly glowing jade ring
  8109 | D:7      | Identified the ring "Jereu" {Ice MR- Str+4 Stlth+} (You
                  | found it on level 7 of the Dungeon)
  8126 | D:7      | Reached skill level 1 in Evocations
  8232 | D:7      | Noticed Prince Ribbit
  8245 | D:7      | Killed Prince Ribbit
  8245 | D:7      | Reached XP level 9. HP: 35/72 MP: 8/18
  8421 | D:7      | Noticed Harold
  8440 | D:7      | Noticed Dowan
  8461 | D:7      | Noticed Duvessa
  8489 | D:6      | Killed Harold
  8724 | D:7      | Killed Dowan
  8740 | D:6      | Killed Duvessa
  8897 | D:7      | Reached skill level 5 in Fighting
  8971 | D:7      | Found a radiant altar of Vehumet.
  9149 | D:7      | Noticed Menkaure
  9160 | D:7      | Killed Menkaure
  9160 | D:7      | Reached skill level 8 in Necromancy
  9541 | D:8      | Found an iron altar of Okawaru.
  9806 | D:8      | Found a hide-covered altar of Uskayaw.
  9843 | D:8      | Identified the +6 flail of the Six Orbs {crush, rElec MR+}
 10026 | D:8      | Found an ornate altar of the Wu Jian Council.
 10067 | D:8      | Found a burning altar of Makhleb.
 10596 | D:8      | Reached skill level 5 in Maces & Flails
 10596 | D:8      | Reached skill level 5 in Dodging
 10789 | D:9      | Reached XP level 10. HP: 69/81 MP: 20/20
 11201 | D:8      | HP: 3/81 [vampire (4)]
 11201 | D:8      | Slain by a vampire

Skill      XL: |  1  2  3  4  5  6  7  8  9 |
---------------+----------------------------+-----
Dodging        | 2 3 4 5 |  5.0
Fighting       | 1 2 3 4 5 |  5.5
Maces & Flails | 1 2 3 4 5 |  5.1
Spellcasting   | 3 4 5 6 7 |  7.2
Necromancy     | 5 6 7 8 |  8.5
Evocations     | 1 4 |  4.2
Stealth        | |  1.7

Action                   |  1- 3 |  4- 6 |  7- 9 | 10-12 || total
-------------------------+-------+-------+-------+-------++-------
Melee: Club              |    95 |       |       |       ||    95
       Tailslap          |    10 |    27 |    34 |     5 ||    76
       Unarmed           |     1 |       |       |       ||     1
       Whip              |     8 |   207 |       |       ||   215
       Spear             |       |    75 |   435 |    51 ||   561
       Flail             |       |       |     9 |     7 ||    16
 Cast: Pain              |    25 |    18 |     6 |       ||    49
       Vampiric Draining |     2 |     8 |    18 |     5 ||    33
       Animate Dead      |       |     4 |    12 |       ||    16
       Regeneration      |       |       |     1 |       ||     1
 Abil: Breathe Fire      |       |       |     3 |     2 ||     5
Evoke: Wand              |       |       |     1 |       ||     1
  Use: Scroll            |     5 |     5 |     4 |       ||    14
       Potion            |       |       |     5 |     2 ||     7
 Stab: Sleeping          |     2 |     4 |     5 |       ||    11
       Distracted        |       |     1 |       |       ||     1
       Paralysed         |       |       |     1 |       ||     1
  Eat: Chunk             |     3 |    13 |    13 |       ||    29
       Ration            |       |       |     3 |       ||     3
Armor: Skin              |    38 |    71 |   153 |    40 ||   302
Dodge: Dodged            |    88 |   167 |   336 |    79 ||   670
